Match 38120190
Unlisted

Match 38120190
End
Construct Barracks
Riflemen Squad
Riflemen Squad
Riflemen Squad
Infantry Support Center
Selects Advanced Infantry Battlegroup
Selects Convert to Ranger Squad
Convert to Ranger Squad
Grenade Package
Construct Medical Station
Advanced Logistics
Engineer Squad
Selects Ammunition Storage
Survival Training
Riflemen Squad
Selects M2A1 105mm Howitzer Emplacement
Selects Designate Assault Position
.30 cal Machine Gun
Convert to Ranger Squad
Selects Infantry Assault
Construct Tank Depot
Selects Free Fire Drills
M18 Hellcat Tank Destroyer
M18 Hellcat Tank Destroyer
Infantry Assault
Construct Weapon Support Center
M18 Hellcat Tank Destroyer
M18 Hellcat Tank Destroyer
Infantry Assault
M18 Hellcat Tank Destroyer
不吃芹菜
AHOIENMQ
Blay3r
Thomas Shelby
Kelish
皮皮
JT
嘎哥
0
0

Comments sign in to comment!

No comments posted yet!